Map: [G8] Babylon

Players

Solar - Winner!

  • Race: Zerg Zerg
  • Spawn Location: 5:00

herO

  • Race: Protoss Protoss
  • Spawn Location: 11:00

Event: Gamers8 2023

VOD

Have the link to the VOD?

Description

Time

  • Played on: Aug. 4, 2023, 3:34 p.m.
  • Length: 15:01

All games in this series

Show
View Real Time Build Order
Export as new Build Order

Solar Zerg - Winner!

Build Orders: Hatch First 

Get SALT Encoding   

  12  0:00  Drone  
  13  0:12  Overlord  
  13  0:17  Drone  
  14  0:35  Drone x2  
  16  0:49  Hatchery  
  15  0:51  Drone  
  15  0:55  Drone  
  17  0:59  Drone  
  18  1:10  Extractor  
  17  1:17  Spawning Pool  
  16  1:19  Drone  
  16  1:23  Drone  
  18  1:29  Drone  
  19  1:40  Drone  
  20  1:50  Overlord  
  20  2:04  Queen x2  
  20  2:05  Zergling x4  
  26  2:12  Drone x2  
  28  2:16  Metabolic Boost  
  28  2:23  Drone x2  
  30  2:39  Hatchery  
  30  2:41  Zergling x2  
  30  2:48  Queen  
  32  2:52  Overlord  
  32  2:55  Drone  
  32  2:57  Drone  
  34  3:00  Zergling x2  
  34  3:03  Drone  
  36  3:12  Zergling x2  
  36  3:14  Spore Crawler  
  36  3:18  Queen  
  37  3:20  Drone x2  
  37  3:23  Drone  
  37  3:24  Drone  
  41  3:29  Drone x2  
  41  3:32  Overlord  
  43  3:39  Drone  
  44  3:43  Overlord  
  44  3:50  Queen  
  44  3:54  Queen, Drone  
  47  3:56  Spore Crawler  
  47  3:57  Drone  
  47  4:00  Overlord  
  47  4:02  Zergling x4  
  49  4:04  Drone  
  49  4:07  Drone  
  49  4:09  Drone  
  51  4:11  Overlord  
  51  4:12  Drone  
  51  4:15  Spore Crawler  
  51  4:20  Queen  
  51  4:21  Drone  
  55  4:24  Drone  
  55  4:25  Drone  
  55  4:28  Drone x2  
  55  4:29  Drone  
  59  4:33  Drone x2  
  59  4:34  Drone  
  62  4:42  Evolution Chamber  
  62  4:45  Drone x5  
  64  4:49  Drone  
  64  4:50  Drone  
  61  4:54  Drone  
  61  4:55  Drone x2  
  64  5:01  Overlord  
  64  5:02  Zergling x2  
  64  5:03  Zergling x4  
  64  5:04  Drone  
  64  5:05  Drone  
  64  5:07  Zergling x4  
  70  5:11  Zerg Melee Weapons Level 1  
  71  5:20  Extractor, Spore Crawler  
  69  5:22  Drone x2  
  69  5:24  Hatchery  
  69  5:25  Zergling x4  
  69  5:27  Drone x2  
  74  5:31  Drone x3  
  77  5:36  Zergling x2, Roach Warren  
  77  5:37  Zergling x2  
  77  5:38  Overlord  
  78  5:44  Extractor, Zergling x6  
  78  5:46  Extractor  
  78  5:47  Drone x3  
  82  5:50  Lair  
  82  5:52  Overlord  
  82  5:55  Overlord  
  82  5:58  Extractor  
  82  5:59  Drone  
  82  6:00  Drone x3  
  82  6:01  Drone  
  82  6:02  Drone  
  87  6:06  Drone  
  87  6:07  Drone x3  
  88  6:12  Drone  
  89  6:19  Zergling x8  
  89  6:20  Drone  
  89  6:23  Overlord  
  94  6:28  Overlord  
  93  6:34  Drone  
  93  6:35  Drone x5  
  93  6:37  Drone x2  
  93  6:39  Drone  
  102  6:43  Overlord  
  102  6:44  Zergling x4  
  104  6:48  Glial Reconstitution  
  104  6:49  Extractor, Overseer  
  104  6:51  Spire, Overlord  
  104  6:52  Roach x3  
  108  6:54  Extractor  
  108  6:59  Drone x3  
  109  7:01  Zergling x10  
  114  7:09  Zergling x2  
  114  7:10  Zergling x10  
  114  7:12  Overlord x2  
  120  7:18  Drone x2  
  120  7:20  Overlord  
  122  7:26  Overlord  
  122  7:28  Roach x3, Zergling x12  
  134  7:32  Overlord x2  
  134  7:36  Zergling x2  
  135  7:39  Roach x3  
  135  7:40  Zergling x2  
  135  7:43  Drone x2  
  144  7:44  Drone  
  144  7:50  Overlord  
  144  7:55  Overlord  
  144  7:56  Overlord  
  144  7:58  Overlord  
  144  8:03  Zerg Melee Weapons Level 2  
  135  8:21  Roach x3  
  135  8:26  Roach x3, Zergling x16  
  151  8:37  Mutalisk x11  
  170  8:42  Hatchery, Zergling x10  
  170  8:46  Drone x2  
  174  8:48  Drone x3  
  174  8:50  Roach  
  174  8:51  Overseer  
  178  8:58  Drone  
  178  9:00  Roach x3, Baneling Nest  
  184  9:03  Drone x2  
  184  9:04  Drone  
  184  9:09  Zergling x18  
  196  9:13  Roach  
  198  9:17  Zergling x4  
  196  9:25  Zergling x2  
  196  9:26  Zergling x8  
  198  9:35  Zergling x2  
  199  9:42  Zergling x4  
  199  9:44  Centrifugal Hooks  
  199  9:50  Infestation Pit  
  199  9:51  Zergling x2  
  199  10:06  Baneling x6  
  199  10:07  Baneling x12, Drone  
  198  10:08  Spore Crawler  
  198  10:11  Drone  
  199  10:15  Baneling x8  
  199  10:19  Zerg Missile Weapons Level 1  
  199  10:26  Hive  
  198  10:28  Drone  
  198  10:29  Evolution Chamber  
  198  10:32  Drone  
  198  10:33  Spine Crawler  
  198  10:38  Baneling x11  
  198  10:41  Hatchery  
  197  10:49  Zerg Flyer Weapons Level 1  
  193  10:51  Zergling x16  
  199  11:00  Zerg Ground Armor Level 1  
  199  11:08  Pneumatized Carapace, Overseer  
  199  11:13  Zergling x6  
  199  11:14  Zergling x4  
  197  11:20  Baneling x5  
  162  11:26  Zergling x44  
  162  11:28  Roach x5, Zergling x4  
  162  11:29  Zergling x8  
  162  11:31  Roach x11  
  162  11:32  Roach x2  
  196  11:37  Roach  
  196  11:38  Queen x2, Baneling x10  
  196  11:39  Queen, Adrenal Glands  
  192  11:41  Baneling  
  192  11:42  Zergling x6  
  192  11:45  Roach  
  197  11:48  Roach x2  
  197  11:51  Baneling x9  
  197  11:53  Zergling x4  
  196  11:58  Zergling x14  
  183  12:04  Zergling x12  
  183  12:08  Zergling x14  
  194  12:11  Baneling x11  
  194  12:12  Baneling x3  
  194  12:13  Baneling x6, Zerg Melee Weapons Level 3  
  194  12:14  Zergling x2  
  194  12:15  Zergling x6  
  198  12:21  Zergling x2  
  198  12:22  Baneling x12  
  197  12:33  Zergling x20  
  195  12:44  Zergling x18  
  183  12:49  Roach x3  
  183  12:50  Roach x4  
  167  12:58  Roach x2  
  167  12:59  Roach x10  
  167  13:05  Zergling x8  
  183  13:09  Overseer  
  183  13:11  Mutalisk  
  175  13:13  Zergling x6  
  175  13:16  Zergling x2  
  175  13:18  Baneling x5  
  175  13:19  Baneling x8  
  177  13:20  Baneling  
  177  13:21  Overseer  
  177  13:24  Baneling x8  
  177  13:25  Baneling  
  177  13:27  Zergling x4  
  179  13:29  Zergling x6  
  182  13:37  Zergling x14  
  188  13:41  Zergling x2  
  188  13:44  Overlord  
  189  13:52  Corruptor x4  
  197  14:00  Corruptor x4  
  181  14:05  Corruptor x2  
  181  14:09  Corruptor  
  166  14:10  Zergling x4  
  166  14:13  Extractor  
  166  14:17  Hatchery, Zergling x12  
  166  14:22  Corruptor  
  173  14:28  Extractor  
  173  14:29  Overlord  
  173  14:30  Drone x2  
  176  14:39  Zergling x14  
  183  14:49  Ravager x8  
Show
View Real Time Build Order
Export as new Build Order

herO Protoss 

Build Orders: 1 Gate Expand, Oracle Opening 

Get SALT Encoding   

  12  0:00  Probe  
  13  0:12  Probe  
  14  0:19  Pylon  
  14  0:24  Probe  
  15  0:38  Probe (Chrono Boost)  
  15  0:42  Gateway  
  16  0:46  Probe (Chrono Boost)  
  17  0:50  Assimilator  
  17  0:52  Probe  
  18  1:04  Probe  
  19  1:16  Probe  
  20  1:27  Nexus  
  20  1:37  Cybernetics Core  
  21  1:40  Probe  
  21  1:45  Assimilator  
  21  1:52  Probe  
  22  1:56  Pylon  
  22  2:04  Probe  
  23  2:11  Adept (Chrono Boost)  
  25  2:16  Probe  
  25  2:19  Stargate  
  26  2:25  Warp Gate  
  26  2:28  Probe  
  27  2:33  Stalker (Chrono Boost)  
  29  2:41  Probe (Chrono Boost)  
  31  2:44  Probe (Chrono Boost)  
  32  2:52  Probe (Chrono Boost)  
  32  2:54  Adept  
  32  2:55  Probe (Chrono Boost)  
  32  2:56  Probe (Chrono Boost)  
  36  3:06  Probe  
  36  3:07  Probe  
  36  3:10  Oracle (Chrono Boost)  
  41  3:19  Probe x2  
  43  3:20  Pylon  
  43  3:27  Gateway  
  43  3:31  Probe x2  
  45  3:39  Oracle (Chrono Boost)  
  48  3:45  Probe x2  
  49  3:58  Probe  
  49  3:59  Probe  
  51  4:06  Nexus  
  51  4:07  Pylon  
  49  4:13  Oracle (Chrono Boost), Probe x2  
  54  4:18  Assimilator  
  54  4:20  Assimilator  
  54  4:25  Twilight Council  
  54  4:27  Probe x2  
  56  4:31  Forge  
  56  4:36  Adept  
  56  4:37  Adept  
  60  4:44  Probe x2  
  60  4:56  Probe x2  
  62  5:00  Pylon  
  62  5:01  Protoss Ground Weapons Level 1 (Chrono Boost)  
  62  5:02  Blink (Chrono Boost)  
  62  5:06  Gateway  
  62  5:08  Gateway  
  62  5:15  Gateway  
  62  5:17  Probe (Chrono Boost)  
  62  5:19  Adept x2  
  62  5:21  Probe (Chrono Boost)  
  68  5:22  Probe (Chrono Boost)  
  70  5:29  Probe (Chrono Boost)  
  70  5:31  Probe (Chrono Boost)  
  70  5:33  Probe (Chrono Boost)  
  70  5:34  Probe (Chrono Boost)  
  73  5:36  Probe (Chrono Boost)  
  73  5:40  Shield Battery  
  73  5:41  Probe  
  75  5:43  Probe  
  75  5:48  Probe  
  77  5:50  Stalker x2  
  77  5:52  Pylon  
  77  5:53  Gateway, Probe  
  77  5:56  Probe  
  83  5:59  Gateway  
  83  6:02  Probe  
  84  6:06  Probe  
  84  6:10  Probe  
  86  6:17  Stalker x3  
  92  6:23  Pylon  
  92  6:26  Pylon  
  92  6:27  Pylon  
  92  6:30  Robotics Facility, Assimilator  
  92  6:31  Assimilator, Probe  
  93  6:41  Probe x2  
  93  6:43  Probe  
  96  6:48  Charge (Chrono Boost)  
  96  6:49  Pylon, Stalker x5  
  96  6:52  Stalker  
  96  6:53  Probe  
  109  6:56  Photon Cannon  
  109  6:58  Probe  
  109  6:59  Probe  
  111  7:05  Probe  
  112  7:11  Nexus  
  112  7:14  Photon Cannon, Protoss Ground Weapons Level 2 (Chrono Boost)  
  112  7:15  Shield Battery  
  112  7:24  Robotics Bay  
  112  7:27  Stalker x3  
  118  7:33  Probe x3  
  121  7:38  Pylon  
  121  7:39  Pylon  
  121  7:42  Stalker  
  121  7:44  Stalker  
  125  7:53  Photon Cannon  
  125  7:54  Photon Cannon  
  125  7:56  Pylon x3  
  125  7:57  Stalker x2  
  125  8:08  Disruptor (Chrono Boost)  
  128  8:14  Dark Shrine  
  128  8:15  Probe x3  
  128  8:19  Stalker x5  
  138  8:27  Probe x2  
  138  8:34  Disruptor (Chrono Boost), Stalker x2  
  141  8:36  Probe x2  
  141  8:37  Assimilator  
  141  8:38  Assimilator  
  141  8:39  Probe x2  
  150  8:46  Photon Cannon  
  150  8:50  Pylon  
  150  8:51  Photon Cannon x2  
  150  8:52  Gateway  
  150  9:02  Disruptor  
  150  9:04  Gateway  
  150  9:06  Phoenix (Chrono Boost)  
  150  9:07  Gateway  
  150  9:08  Photon Cannon  
  155  9:11  Pylon  
  155  9:12  Photon Cannon  
  155  9:14  Shield Battery  
  155  9:18  Protoss Ground Armor Level 1  
  155  9:22  Phoenix (Chrono Boost)  
  157  9:27  Photon Cannon  
  157  9:29  Stargate  
  155  9:44  Stalker x7  
  155  9:45  Phoenix (Chrono Boost)  
  171  9:54  Photon Cannon  
  171  9:55  Gateway  
  171  9:56  Photon Cannon  
  171  9:58  Fleet Beacon  
  171  10:01  Phoenix (Chrono Boost)  
  171  10:05  Photon Cannon  
  173  10:08  Pylon  
  173  10:10  Disruptor  
  173  10:12  Pylon  
  173  10:13  Phoenix (Chrono Boost)  
  178  10:16  Dark Templar x2  
  178  10:17  Dark Templar  
  178  10:19  Dark Templar  
  186  10:22  Archon  
  186  10:24  Archon  
  186  10:30  Dark Templar x2  
  190  10:40  Pylon, Protoss Air Weapons Level 1  
  190  10:42  Pylon  
  190  10:44  Stargate  
  191  10:54  Dark Templar x2  
  191  10:55  Warp Prism (Chrono Boost), Archon  
  191  10:56  Photon Cannon  
  193  10:57  Photon Cannon  
  193  10:58  Archon  
  193  10:59  Dark Templar  
  193  11:00  Dark Templar x2  
  193  11:01  Photon Cannon  
  193  11:04  Archon  
  198  11:06  Photon Cannon  
  198  11:13  Gateway x2  
  184  11:32  Disruptor  
  138  11:35  Stalker x11  
  157  11:49  Pylon  
  126  12:05  Carrier x3 (Chrono Boost)  
  134  12:14  Immortal (Chrono Boost)  
  138  12:22  Stalker x6  
  149  12:36  Zealot x7  
  134  12:50  Disruptor (Chrono Boost)  
  114  12:59  Dark Templar x4  
  114  13:00  Zealot x2  
  107  13:25  Carrier (Chrono Boost)  
  113  13:34  Carrier (Chrono Boost)  
  113  13:39  Disruptor (Chrono Boost)  
  122  13:50  Archon  
  122  13:51  Archon  
  110  14:03  Stalker  
  110  14:04  Stalker x2  
  103  14:36  Pylon  
  88  14:56  Dark Templar x4  
Tags
 
Add a new tag
Caveats
  • Supply blocks, unpowered buildings, or Contaminate may cause inaccurate times.
  • Supply counts are checked every 10 seconds.